 Dungeon Crawl Stone Soup version 0.31.0-9-g3a7656b989 (webtiles) character file.

Game seed: 9308779135003326836

150 qw the Skirmisher (level 5, -3/29 HPs)
             Began as a Deep Elf Hunter on Feb 2, 2024.
             Slain by an orc
             ... wielding a +0 war axe
              (7 damage)
             ... on level 3 of the Dungeon.
             The game lasted 00:00:06 (1872 turns).

qw the Skirmisher (Deep Elf Hunter)                 Turns: 1872, Time: 00:00:06

Health: -3/29      AC:  6    Str: 10    XL:     5   Next: 10%
Magic:  7/7        EV:  9    Int: 14    God:
Gold:   196        SH:  0    Dex: 18    Spells: 4/4 levels left

rFire   . . .        a - +0 shortbow
rCold   . . .        (shield currently unavailable)
rNeg    . . .        g - +0 scale mail
rPois   .            (no helmet)
rElec   .            (no cloak)
rCorr   .            (no gloves)
SInv    .            (no boots)
Will    .....        (no amulet)
Stlth   +            (no ring)
HPRegen 0.24/turn    (no ring)
MPRegen 0.10/turn

%: no passive effects
@: about to teleport
A: no striking features
a: no special abilities


You were on level 3 of the Dungeon.
You visited 1 branch of the dungeon, and saw 3 of its levels.

You collected 196 gold pieces.


   Skills:
 - Level 1.5 Fighting
 + Level 8.5 Ranged Weapons
 - Level 2.4 Dodging
 - Level 1.2 Stealth


You had 4 spell levels left.
You didn't know any spells.
Your spell library was empty.

Inventory:

Hand Weapons
 a - a +0 shortbow (weapon)
Armour
 g - a +0 scale mail (worn)
 j - a +1 ring mail of fire resistance
Wands
 b - a wand of mindburst (6)
 e - a wand of flame (11)
Potions
 d - 2 potions of enlightenment
 f - a potion of berserk rage {unknown}
 h - a potion of resistance {unknown}
 i - a potion of ambrosia {unknown}

Dungeon Overview and Level Annotations

Branches:
Dungeon (3/15)

Altars:


Message History

You shoot an arrow. The arrow closely misses the kobold.
The kobold hits you with a +0 short sword.
An orc comes into view. It is wielding a +0 hand axe.
The kobold hits you but does no damage.
The orc moves out of view.
You shoot an arrow. The arrow completely misses the kobold.
The kobold closely misses you.
You shoot an arrow.
The arrow hits the kobold but does no damage.
The kobold barely misses you.
You shoot an arrow. The arrow barely misses the kobold.
The kobold hits you with a +0 short sword.
The kobold hits you but does no damage.
You shoot an arrow. The arrow hits the kobold.
You kill the kobold!
You shoot an arrow. The arrow hits the orc!
You kill the orc!
You shoot an arrow. The arrow barely misses the orc.
You shoot an arrow. The arrow hits the orc!
You kill the orc!
The orc hits you but does no damage.
You shoot an arrow. The arrow hits the orc.
The orc is heavily wounded.
You shoot an arrow. The arrow barely misses the orc.
The orc hits you with a +0 war axe!
You shoot an arrow. The arrow closely misses the orc.
The orc closely misses you. The orc hits you with a +0 hand axe.
The orc hits you with a +0 war axe. The orc closely misses you.
You shoot an arrow. The arrow closely misses the orc.
The orc barely misses you. The orc hits you with a +0 war axe.
You shoot an arrow.
The arrow hits the orc but does no damage.
The orc is heavily wounded.
The orc misses you. The orc hits you with a +0 war axe!
1871 ||| READING scroll of teleportation.
As you read the scroll of teleportation, it crumbles to dust.
You feel strangely unstable. The orc hits you with a +0 war axe.
The orc hits you but does no damage.
You shoot an arrow. The arrow closely misses the orc.
The orc hits you with a +0 war axe!
You die...

#####.###
###...###
#.....######
##.##
####.%......
...
#.##.##.##.#
#.##.##.#.#
#.....(...#
#..####.#.##
#..........#
#......@o#
########o#
.# .. .#.
.#.. ># ?.
## .##


You could see 2 orcs.

Vanquished Creatures
  A scorpion (D:3)
  2 adders (D:3)
  2 dart slugs (D:1)
  A ribbon worm (D:2)
  5 orcs (D:3)
  2 ball pythons
  7 endoplasms
  A giant cockroach (D:3)
  4 hobgoblins
  A kobold (D:3)
  2 quokkas
  5 bats
  3 frilled lizards
  6 goblins
  24 rats
66 creatures vanquished.

Notes
Turn   | Place    | Note
-------+----------+-------------------------------------------
     0 | D:1      | qw the Deep Elf Hunter began the quest for the Orb.
     0 | D:1      | Reached XP level 1. HP: 12/12 MP: 3/3
     0 | D:1      | 0 ||| qw: Version: 0.3-a-155-g5e7d8dd
     0 | D:1      | 0 ||| qw: Game counter: 1271
     0 | D:1      | 0 ||| qw: Melee chars always use a shield: true
     0 | D:1      | 0 ||| qw: God list: Okawaru
     0 | D:1      | 0 ||| qw: Allow faded altars: false
     0 | D:1      | 0 ||| qw: Do Orc after clearing Dungeon:15 true
     0 | D:1      | 0 ||| qw: Do second Lair branch before Depths: true
     0 | D:1      | 0 ||| qw: Lair rune preference: random
     0 | D:1      | 0 ||| qw: Goals: Normal
     0 | D:1      | 0 ||| PLANNING D:1-11
   175 | D:1      | 175 ||| READING scroll labelled ZEECEALAPA.
   181 | D:1      | Reached XP level 2. HP: 16/16 MP: 4/4
   311 | D:1      | Reached skill level 6 in Ranged Weapons
   750 | D:1      | 750 ||| UPGRADING to +0 scale mail.
   760 | D:1      | 760 ||| DROPPING +0 leather armour.
   761 | D:1      | 761 ||| READING scroll labelled QEIZ ISIROZICU.
   793 | D:1      | 793 ||| READING scroll labelled QEEBRU XUUT.
   798 | D:1      | 798 ||| READING scroll labelled BACAOCV UTAVUC.
   799 | D:1      | 799 ||| DRINKING 2 brown potions.
   800 | D:1      | 800 ||| DROPPING scroll of butterflies.
  1090 | D:2      | Reached XP level 3. HP: 15/20 MP: 5/5
  1550 | D:2      | Reached skill level 7 in Ranged Weapons
  1789 | D:3      | Noticed a scorpion
  1790 | D:3      | 1790 ||| ZAPPING wand of flame (15) at -6,0 (scorpion;
                  | floor).
  1791 | D:3      | 1791 ||| ZAPPING wand of flame (14) at -5,0 (scorpion;
                  | floor).
  1792 | D:3      | 1792 ||| ZAPPING wand of flame (13) at -4,0 (scorpion;
                  | floor).
  1793 | D:3      | 1793 ||| ZAPPING wand of flame (12) at -3,0 (scorpion;
                  | floor).
  1793 | D:3      | Killed a scorpion
  1794 | D:3      | Reached skill level 8 in Ranged Weapons
  1794 | D:3      | Reached XP level 4. HP: 25/25 MP: 6/6
  1814 | D:3      | Reached XP level 5. HP: 29/29 MP: 7/7
  1870 | D:3      | HP: 5/29 [orc/+0 war axe (7)]
  1871 | D:3      | 1871 ||| READING scroll of teleportation.
  1872 | D:3      | Slain by an orc

Levels and vault maps discovered:
D:1:      minmay_arrival_stone_box, layout_loops_ring
D:2:      layout_loops_ring, minmay_rat_hole
D:3:      layout_loops_cross, uniq_crazy_yiuf_cottage, uniq_robin

Skill      XL: |  1  2  3 |
---------------+----------+-----
Ranged Weapons | 6 8 |  8.5
Fighting       | |  1.5
Dodging        | |  2.4
Stealth        | |  1.2

Action                     |  1- 3 |  4- 6 || total
---------------------------+-------+-------++-------
   Fire: Shortbow          |   126 |    41 ||   167
  Evoke: Wand              |     4 |       ||     4
    Use: Scroll            |     4 |     1 ||     5
         Potion            |     1 |       ||     1
 Armour: Leather armour    |     3 |       ||     3
         Scale mail        |    30 |    25 ||    55
  Dodge: Dodged            |    33 |    10 ||    43

Table legend:
 A = Non-vault XP
 B = Vault XP
 C = Vault XP percentage of total XP
 D = Non-vault monster count
 E = Vault monster count
 F = Vault count percentage of total count
                 A         B        C        D         E       F
            +---------+---------+-------+---------+---------+-------
      Total |     195 |      20 |   9.3 |      47 |      19 |  28.8
            +---------+---------+-------+---------+---------+-------
        D:1 |      27 |       0 |   0.0 |      15 |       0 |   0.0
        D:2 |      27 |      20 |  42.6 |      14 |      19 |  57.6
        D:3 |     141 |       0 |   0.0 |      18 |       0 |   0.0
            +---------+---------+-------+---------+---------+-------
